 Dungeon Crawl Stone Soup version 0.22.1-2-g9c5b331383 (webtiles) character file.

2789 Peloso the Carver (level 9, 0/78 HPs)
             Began as a Minotaur Fighter on Dec 21, 2018.
             Killed by divine providence
             ... invoked by an orc priest
              (14 damage)
             ... on level 7 of the Dungeon.
             The game lasted 00:10:13 (7399 turns).

Peloso the Carver (Minotaur Fighter)                Turns: 7399, Time: 00:10:14

Health: 0/78       AC: 13    Str: 22    XL:     9   Next: 43%
Magic:  8/8        EV:  6    Int:  5    God:
Gold:   422        SH: 11    Dex: 12    Spells: 8/8 levels left

rFire    . . .     SeeInvis .   a - +0 long sword
rCold    + + .     Gourm    +   c - +0 shield
rNeg     . . .     Faith    .   l - +0 plate armour
rPois    .         Spirit   .   (helmet restricted)
rElec    .         Reflect  .   t - scarf {rC+ rF+}
rCorr    +         Harm     .   (no gloves)
MR       .....                  (no boots)
Stlth    ..........             z - amulet of the gourmand
HPRegen  0.23/turn              u - ring of ice
MPRegen  0.11/turn              s - ring of resist corrosion (curse)

@: no status effects
A: retaliatory headbutt, horns 2
a: no special abilities


You were on level 7 of the Dungeon.
You were not hungry.

You visited 2 branches of the dungeon, and saw 8 of its levels.

You collected 422 gold pieces.

Inventory:

Hand Weapons
 a - a +0 long sword (weapon)
 j - a +2 spear of flaming
Armour
 b - a +0 scale mail
 c - a +0 shield (worn)
 l - a +0 plate armour (worn)
 n - a +0 chain mail
 t - a scarf of resistance (worn)
Jewellery
 m - an uncursed ring of magical power
 s - a cursed ring of resist corrosion (right hand)
 u - a ring of ice (left hand)
 z - an amulet of the gourmand (around neck)
Wands
 k - a wand of polymorph (10)
 w - a wand of flame (31)
Scrolls
 e - 4 scrolls of teleportation {unknown}
 h - 2 scrolls of remove curse {unknown}
 i - a scroll of noise {unknown}
 r - a scroll of amnesia {unknown}
 v - a scroll of identify {unknown}
 x - a scroll of random uselessness {unknown}
 y - a scroll of enchant weapon {unknown}
Potions
 d - a potion of might
 g - 2 potions of degeneration {unknown}
 o - 2 potions of brilliance {unknown}
 p - a potion of magic {unknown}
 q - a potion of agility {unknown}
Comestibles
 f - 14 rations


   Skills:
 + Level 6.7 Fighting
 + Level 9.8 Long Blades
 + Level 7.5 Armour
 + Level 2.4 Dodging
 + Level 1.0 Stealth
 + Level 8.9 Shields


You had 8 spell levels left.
You didn't know any spells.
Your spell library was empty.

Dungeon Overview and Level Annotations

Branches:
Dungeon (7/15)             Temple (1/1) D:4

Altars:
Ashenzari
Cheibriados
Dithmenos
Elyvilon
Fedhas
Gozag
Hepliaklqana
Makhleb
Nemelex Xobeh
Qazlal
Ru
Sif Muna
Trog
Uskayaw
Vehumet
Wu Jian
Xom
Zin
The Shining One

Shops:
D:4 %   D:6 *

Annotations:
D:3 2 transporters, Zingi's ghost, amateur DsMo


Innate Abilities, Weirdness & Mutations

You reflexively headbutt those who attack you in melee.
You have a pair of horns on your head.


Message History

Unknown command.
You slash something!
Reactivating autopickup.
You feel a bit more experienced. You block the orc wizard's attack.
Unknown command.
You hit the orc wizard but do no damage.
You headbutt the orc wizard, but do no damage.
The orc wizard is heavily wounded.
The orc wizard hits you but does no damage.
The orc priest calls down the wrath of Beogh upon you.
Beogh smites you!
* * * LOW HITPOINT WARNING * * *
You hit the orc wizard but do no damage.
You headbutt the orc wizard!
You kill the orc wizard!
The orc wizard casts a spell.
The orc wizard blinks!
The orc priest invokes the aid of Beogh against you.
Beogh smites you!
You die...

######################
#>ยง.a@o........(......
#....o###########.......
#..... #....... #.....
#....... #....a #.######
#..... #.# #..... #.#
#..... #.# #.#


You could see a worker ant, an orc priest and an orc wizard.

Vanquished Creatures
  Joseph (D:7)
  An orc warrior (D:6)
  2 black bears
  An ice beast (D:7)
  2 sky beasts
  A necrophage (D:6)
  An ogre (D:7)
  2 centaurs (D:6)
  A big kobold (D:7)
  3 bullfrogs
  A vampire bat (D:3)
  2 howler monkeys (D:4)
  2 crimson imps
  A centaur zombie (D:7)
  A bullfrog zombie (D:6)
  2 hounds
  A jelly (D:6)
  4 orc priests
  Ijyb (D:3)
  2 iguanas
  8 orc wizards
  A centaur skeleton (D:4)
  2 bullfrog skeletons
  3 worker ants
  A hound zombie (D:6)
  2 hound skeletons
  7 adders
  8 gnolls
  A howler monkey skeleton (D:5)
  2 adder zombies (D:7)
  A worm (D:5)
  4 dart slugs
  3 fire bats (D:3)
  6 leopard geckos
  15 orcs
  2 spectral bats (D:3)
  3 bat skeletons (D:3)
  A bat zombie (D:3)
  4 giant cockroaches
  6 goblins
  13 hobgoblins
  12 jackals
  A quokka (D:5)
  15 bats
  A bat simulacrum (D:3)
  A frilled lizard (D:4)
  A jackal skeleton (D:4)
  12 kobolds
  A quokka skeleton (D:4)
  8 rats
177 creatures vanquished.

Notes
Turn   | Place    | Note
-------+----------+-------------------------------------------
     0 | D:1      | Peloso the Minotaur Fighter began the quest for the Orb.
     0 | D:1      | Reached XP level 1. HP: 19/19 MP: 0/0
   185 | D:1      | Reached XP level 2. HP: 27/27 MP: 1/1
   731 | D:2      | Reached XP level 3. HP: 33/33 MP: 2/2
   734 | D:2      | Found a glowing silver altar of Zin.
   796 | D:2      | Reached skill level 3 in Long Blades
   803 | D:2      | Reached XP level 4. HP: 6/41 MP: 3/3
  1229 | D:2      | Reached skill level 4 in Long Blades
  1359 | D:2      | Found a sparkling altar of Nemelex Xobeh.
  1695 | D:2      | Reached XP level 5. HP: 47/47 MP: 4/4
  1815 | D:3      | Noticed Zingi's ghost (amateur DsMo)
  1818 | D:3      | Found a transporter.
  1887 | D:3      | Found a burning altar of Makhleb.
  1947 | D:3      | Found a transporter.
  2001 | D:3      | Noticed Ijyb
  2019 | D:3      | Killed Ijyb
  2056 | D:3      | Found a white marble altar of Elyvilon.
  2136 | D:3      | Reached skill level 1 in Dodging
  2205 | D:3      | Reached skill level 5 in Shields
  2215 | D:3      | Reached skill level 5 in Long Blades
  2215 | D:3      | Reached XP level 6. HP: 49/53 MP: 5/5
  2442 | D:3      | Found a shimmering altar of Xom.
  2765 | D:4      | Found Oreorelu's Food Boutique.
  2867 | D:4      | Reached skill level 5 in Fighting
  2867 | D:4      | Reached skill level 5 in Armour
  2872 | D:4      | Reached XP level 7. HP: 51/61 MP: 6/6
  2895 | D:4      | Reached skill level 6 in Long Blades
  3197 | D:4      | Found a staircase to the Ecumenical Temple.
  3266 | D:4      | Found a glowing golden altar of the Shining One.
  3430 | Temple   | Entered the Ecumenical Temple
  3613 | D:5      | Entered Level 5 of the Dungeon
  4153 | D:5      | Reached skill level 7 in Long Blades
  4873 | D:5      | Found a stormy altar of Qazlal.
  5111 | D:6      | Reached XP level 8. HP: 55/69 MP: 7/7
  5123 | D:6      | Reached skill level 1 in Stealth
  5209 | D:6      | Found a bloodstained altar of Trog.
  5590 | D:6      | Reached skill level 8 in Long Blades
  6036 | D:6      | Found Xuyn's Assorted Antiques.
  6612 | D:6      | Reached skill level 9 in Long Blades
  6619 | D:7      | Noticed Joseph
  6634 | D:7      | Reached XP level 9. HP: 27/75 MP: 8/8
  6644 | D:7      | Killed Joseph
  7399 | D:7      | Killed from afar by an orc priest

Skill      XL: |  1  2  3  4  5  6  7  8  9 |
---------------+----------------------------+-----
Fighting       | 4 5 6 |  6.7
Armour         | 4 5 6 7 |  7.5
Shields        | 4 5 6 8 |  8.9
Long Blades    | 3 4 5 7 9 |  9.8
Dodging        | 1 2 |  2.4
Stealth        | 1 |  1.0

Action                   |  1- 3 |  4- 6 |  7- 9 || total
-------------------------+-------+-------+-------++-------
Melee: Long sword        |    60 |   148 |   294 ||   502
       Headbutt          |     8 |    26 |    83 ||   117
  Use: Potion            |       |       |     1 ||     1
  Eat: Chunk             |       |     7 |    14 ||    21
Armor: Scale mail        |    30 |    33 |       ||    63
       Chain mail        |       |   110 |   103 ||   213
       Plate armour      |       |       |    68 ||    68
Dodge: Dodged            |    17 |    81 |    89 ||   187
Block: Shield            |    44 |   124 |   201 ||   369
       Rpst.: Long sword |     6 |    26 |    23 ||    55
